 Dungeon Crawl Stone Soup version 0.28.0 (webtiles) character file.

Game seed: 13716635887361313615

4 tizbic2 the Magician (level 1, -4/17 HPs)
             Began as a Djinni Necromancer on Feb 6, 2022.
             Killed from afar by a dart slug (6 damage)
             ... with a slug dart
             ... on level 1 of the Dungeon.
             The game lasted 00:01:36 (581 turns).

tizbic2 the Magician (Djinni Necromancer)            Turns: 581, Time: 00:01:36

Health: -4/17      AC:  3    Str:  7    XL:     1   Next: 77%
Gold:   10         EV: 12    Int: 16    God:
                   SH:  0    Dex: 13

rFire   + + .      SeeInvis .   d - +0 spear
rCold   x . .      Faith    .   (no shield)
rNeg    . . .      Spirit   .   a - +0 robe
rPois   ∞          Reflect  .   (no helmet)
rElec   .          Harm     .   (no cloak)
rCorr   .          Rampage  .   c - +0 pair of gloves
Will    .....                   (boots unavailable)
Stlth   ++........              b - amulet of the acrobat
HPRegen 0.05/turn               (no ring)
MPRegen 0.00/turn               (no ring)

@: flying
A: sickness immunity, fire resistance 2, cold vulnerability 1, float, innate
caster, HP casting, extra vitality 1
a: no special abilities


You were on level 1 of the Dungeon.
You visited 1 branch of the dungeon, and saw 1 of its levels.

You collected 10 gold pieces.

Inventory:

Hand Weapons
 d - a +0 spear (weapon)
Missiles
 e - 6 stones (quivered)
Armour
 a - a +0 robe (worn)
 c - a +0 pair of gloves (worn)
Jewellery
 b - an amulet of the acrobat (around neck)


   Skills:
 * Level 1.2 Fighting
 - Level 2.1 Dodging
 - Level 1.5 Stealth
 - Level 3.2 Spellcasting


You couldn't memorise any spells.
You knew the following spells:

 Your Spells              Type           Power      Damage    Failure   Level
a - Pain                  Necr           52%        1d6       4%          1
b - Animate Skeleton      Necr           26%        N/A       4%          1
c - Vampiric Draining     Necr           13%        2d6       14%         3
d - Animate Dead          Necr           6%         N/A       43%         4
e - Agony                 Necr           13%        N/A       78%         5
Your spell library was empty.

Dungeon Overview and Level Annotations

Branches:
Dungeon (1/15)

Altars:


Innate Abilities, Weirdness & Mutations

You are immune to sickness and miasma.
You are immune to poison.
Your flesh is very heat resistant. (rF++)
You are vulnerable to cold. (rC-)
You float through the air rather than walking.
You learn spells naturally, not from books.
Your magical power is your life essence.
You have superior vitality. (+4 MHP)


Message History

Your Fighting skill increases to level 1!
You hit the rat.
The rat is heavily wounded.
The rat closely misses you.
You closely miss the rat.
The rat is heavily wounded.
The rat bites you.
You closely miss the rat.
The rat is heavily wounded.
The rat bites you.
You hit the rat.
You kill the rat!
You completely miss the goblin. The goblin hits you with a +0 club.
* * * LOW HITPOINT WARNING * * *
You aren't carrying any potions.
You aren't carrying any scrolls.
You hit the goblin.
The goblin is heavily wounded.
The goblin closely misses you.
The dart slug briefly extends its eye-stalks.
Reach: d) +0 spear
Press: ? - help, Dir - move target, f - goblin
Aim: a goblin, wielding a +0 club (heavily wounded, about 49% to evade your +0 spear)
You closely miss the goblin.
The goblin is heavily wounded.
The goblin hits you but does no damage.
Reach: d) +0 spear
Press: ? - help, Dir - move target, f/p - goblin
Aim: a goblin, wielding a +0 club (heavily wounded, about 49% to evade your +0 spear)
You closely miss the goblin.
The goblin is heavily wounded.
The goblin completely misses you. The goblin closely misses you.
Reach: d) +0 spear
Press: ? - help, Dir - move target, f/p - goblin
Aim: a goblin, wielding a +0 club (moderately wounded, about 49% to evade your +0 spear)
You hit the goblin.
You kill the goblin!
The dart slug launches a dart at you. The slug dart hits you.
You die...

..P# ..♣# ##########
##P#########........#####
####.....................
......######........#####
#.#............#.........
#.#...:#######.#.##.#####
#.##.#.......#.#.# .#
#>...........#.#@# #
..##.#.......#.#)#
#.##.#.####..#.#.#
#.##.#.#####.#.#w#
#.##.#.#.......#.#
#.#.......##.###†# #
#.#............#)##.####
#.#.......##............
#.#....######........g..


You could see a dart slug.

Vanquished Creatures
  A ball python (D:1)
  A goblin (D:1)
  A kobold (D:1)
  3 rats (D:1)
6 creatures vanquished.

Notes
Turn   | Place    | Note
-------+----------+-------------------------------------------
     0 | D:1      | tizbic2 the Djinni Necromancer began the quest for the Orb.
     0 | D:1      | Reached XP level 1. HP: 15/15 MP: 0/0
   568 | D:1      | Reached skill level 1 in Fighting
   581 | D:1      | Killed from afar by a dart slug

Illustrated notes

Levels and vault maps discovered:
D:1:      kennysheep_arrival_seaside, layout_basic,
          ebering_ecumenical_altar_mist

Skill      XL: |  1 |
---------------+----+-----
Fighting       | 1 |  1.2
Dodging        | |  2.1
Stealth        | |  1.5
Spellcasting   | |  3.2

Action                   || total
-------------------------++-------
Melee: Spear             ||    11
       Unarmed           ||     4
Throw: Stone             ||     4
 Cast: Pain              ||     7
Armor: Robe              ||     5
Dodge: Dodged            ||    10
